 Dungeon Crawl Stone Soup version 0.31-a0-963-ga325b2283a (webtiles) character file.

Game seed: 1291154200627843098

123 BinkBink the Slasher (level 5, -2/32 HPs)
             Began as a Gargoyle Gladiator on Oct 25, 2023.
             Slain by Edmund
             ... wielding a +4 flail of holy wrath
              (7 damage)
             ... on level 4 of the Dungeon.
             The game lasted 00:04:06 (3018 turns).

BinkBink the Slasher (Gargoyle Gladiator)           Turns: 3018, Time: 00:04:06

Health: -2/32      AC:  9    Str: 23    XL:     5   Next: 7%
Magic:  5/5        EV: 12    Int:  9    God:
Gold:   268        SH:  0    Dex: 13    Spells: 4/4 levels left

rFire   . . .        a - +0 long sword
rCold   . . .        (no shield)
rNeg    + . .        b - +0 leather armour
rPois   ∞            c - +0 helmet
rElec   +            j - +0 cloak
rCorr   .            (no gloves)
SInv    .            (no boots)
Will    .....        (no amulet)
Stlth   +            k - +6 ring of strength
HPRegen 0.25/turn    (no ring)
MPRegen 0.09/turn

%: no passive effects
@: invisible (expiring)
A: sickness immunity, AC +4, negative energy resistance 1, electricity
resistance, torment resistance 1, petrification resistance
a: no special abilities


You were on level 4 of the Dungeon.
You visited 1 branch of the dungeon, and saw 4 of its levels.

You collected 269 gold pieces.
You spent 1 gold pieces at shops.

Inventory:

Hand Weapons
 a - a +0 long sword (weapon)
 x - a -3 triple crossbow
Missiles
 d - 3 throwing nets (quivered)
 e - a javelin
Armour
 b - a +0 leather armour (worn)
 c - a +0 helmet (worn)
 j - a +0 cloak (worn)
Jewellery
 k - a +6 ring of strength (left hand)
 p - a ring of wizardry
 r - a +6 ring of intelligence
 v - a ring of resist corrosion
 A - a ring of protection from cold
Talismans
 o - a granite talisman
Scrolls
 f - 2 scrolls of identify {unknown}
 g - a scroll of amnesia {unknown}
 l - 2 scrolls of poison {unknown}
 q - a scroll of noise {unknown}
 s - 2 scrolls of acquirement {unknown}
 t - a scroll of fear {unknown}
 u - a scroll of vulnerability {unknown}
 y - a scroll of immolation {unknown}
 B - a scroll of revelation {unknown}
Potions
 i - a potion of invisibility
 m - a potion of haste {unknown}
 n - a potion of attraction {unknown}
 w - 3 potions of heal wounds {unknown}
 z - a potion of magic


   Skills:
 + Level 3.2 Fighting
 + Level 3.4 Long Blades
 - Level 1.7 Throwing
 + Level 2.2 Armour
 + Level 3.1 Dodging


You had 4 spell levels left.
You didn't know any spells.
Your spell library contained the following spells:

 Spells                   Type           Power      Damage    Failure   Level
 Ensorcelled Hibernation  Hex/Ice        0%         N/A       56%         2
 Passwall                 Tmut/Erth      0%         N/A       56%         2
 Inner Flame              Hex/Fire       0%         N/A       80%         3
 Ozocubu's Armour         Ice            0%         N/A       80%         3
 Swiftness                Air            0%         N/A       80%         3
 Flame Wave               Conj/Fire      0%         2d4       99%         4
 Sticky Flame             Conj/Fire      0%         2d3       99%         4
 Metabolic Englaciation   Hex/Ice        0%         N/A       100%        5
 Simulacrum               Ice/Necr       0%         N/A       100%        6


Dungeon Overview and Level Annotations

Branches:
Dungeon (4/15)
 Temple: D:4-7

Altars:
Gozag
Zin

Shops:
D:4 *

Annotations:
D:4 Edmund


Innate Abilities, Weirdness & Mutations

You are immune to sickness and miasma.
Your stone body is resilient. (AC +4)
You are immune to poison.
You resist negative energy. (rN+)
You are resistant to electric shocks. (rElec)
You are resistant to unholy torment.
You are immune to petrification.


Message History

Edmund hits you with a +4 flail of holy wrath.
You hit Edmund but do no damage.
Edmund is heavily wounded.
Edmund completely misses you.
You hit Edmund but do no damage.
Edmund is heavily wounded.
Your transformation is almost over.
Edmund hits you but does no damage.
You hit Edmund.
Edmund is heavily wounded.
Edmund hits you but does no damage.
You barely miss Edmund.
Edmund is heavily wounded.
Edmund hits you but does no damage.
You hit Edmund.
Edmund is heavily wounded.
Edmund hits you with a +4 flail of holy wrath!
* * * LOW HITPOINT WARNING * * *
Edmund hits you but does no damage.
You hit Edmund but do no damage.
Edmund is heavily wounded.
Edmund hits you but does no damage.
You hit Edmund.
Edmund is heavily wounded.
You flicker for a moment.
Edmund hits you but does no damage.
You closely miss Edmund.
Edmund is heavily wounded.
Edmund hits you but does no damage.
You hit Edmund but do no damage.
Edmund is heavily wounded.
You feel less wooden.
Your +0 cloak unmelds from your body.
Your +0 helmet unmelds from your body.
Your +0 leather armour unmelds from your body.
Edmund grinds his teeth, and then sighs.
Edmund hits you with a +4 flail of holy wrath.
* * * LOW HITPOINT WARNING * * *
Edmund hits you with a +4 flail of holy wrath!
You die...
Edmund says, "I'd like to see a scythe do that!"

#.# ###.#
############.#.#
............#(.#####
#.#................#
#.########.#@#####.#
#.# #.#.# ##.## #.#
#@#.####...### #.#
#.#...@@.#...# #.#
#.######...#(# ..#
#.# ##....# ### #.#
###..# #.# #..# #.#
#..# #.# #..# #.#
#..# #.### #..#


You could see Edmund (unable to see you).

Vanquished Creatures
  A hound (D:4)
  2 adders (D:3)
  4 dart slugs
  An orc (D:3)
  9 endoplasms
  4 giant cockroaches
  5 goblins
  8 hobgoblins
  9 ball pythons
  3 bats (D:1)
  6 frilled lizards
  7 kobolds
  5 rats
64 creatures vanquished.

Notes
Turn   | Place    | Note
-------+----------+-------------------------------------------
     0 | D:1      | BinkBink the Gargoyle Gladiator began the quest for the
                  | Orb.
     0 | D:1      | Reached XP level 1. HP: 12/12 MP: 1/1
    90 | D:1      | Reached XP level 2. HP: 18/18 MP: 2/2
   297 | D:1      | Reached skill level 1 in Armour
   379 | D:1      | Reached XP level 3. HP: 22/22 MP: 3/3
  1061 | D:2      | Found a faded altar of an unknown god.
  1753 | D:3      | Found an opulent altar of Gozag.
  1794 | D:3      | Reached XP level 4. HP: 18/27 MP: 4/4
  2646 | D:4      | Identified the "Bosy"
  2745 | D:4      | Found a glowing silver altar of Zin.
  2757 | D:4      | Found Utseoshragia's Lightly-Used Armoury.
  2773 | D:4      | Reached XP level 5. HP: 27/32 MP: 5/5
  2792 | D:4      | Bought a -3 triple crossbow for 1 gold piece
  2938 | D:4      | Noticed Edmund
  3018 | D:4      | Slain by Edmund

Illustrated notes

Levels and vault maps discovered:
D:1:      amcnicky_arrival_flooded_fountain, layout_basic, minivault_5
D:2:      layout_loops_cross, basic_ecumenical_altar, serial_bayou_pond_e,
          minmay_misc_feat_doors, minmay_misc_feat_columns, minmay_pentomino_z4
D:3:      layout_basic, nicolae_gozag_cash_rules_everything_around_me,
          bh_walls_and_bars
D:4:      layout_loops_ring, trog_book, mainiacjoe_overflow_surrounded_room,
          temple_statues, minmay_shop_damaged, corexii_shack,
          nicolae_shop_i_like_big_books, uniq_edmund, uniq_ijyb

Skill      XL: |  1  2  3  4 |
---------------+-------------+-----
Armour         | 1 2 |  2.2
Long Blades    | 3 |  3.4
Fighting       | 3 |  3.2
Dodging        | 3 |  3.1
Throwing       | |  1.7

Action                     |  1- 3 |  4- 6 || total
---------------------------+-------+-------++-------
  Melee: Long sword        |   134 |    93 ||   227
         Punch             |     2 |     2 ||     4
    Use: Potion            |       |     3 ||     3
   Stab: Sleeping          |     2 |       ||     2
 Armour: Leather armour    |    63 |    55 ||   118
         Skin              |       |    15 ||    15
  Dodge: Dodged            |   106 |    62 ||   168

Table legend: (Time is in decaauts)
 A = Elapsed time spent in this place.
 B = Non-inter-level travel time spent in this place.
 C = Inter-level travel time spent in this place.
 D = Time resting spent in this place.
 E = Time spent auto-exploring this place.
 F = Levels seen in this place.
 G = Mean time per level.
                   A        B        C        D        E       F      G
               +--------+--------+--------+--------+--------+-----+--------+
         Total |   3072 |   2904 |    168 |      0 |   2320 |   4 |  768.0 |
       Dungeon |   3072 |   2904 |    168 |      0 |   2320 |   4 |  768.0 |
               +--------+--------+--------+--------+--------+-----+--------+

Top non-repeatable levels by time:
     D:3: 987 daAuts
     D:1: 927 daAuts
     D:2: 775 daAuts
     D:4: 383 daAuts
